 Dungeon Crawl Stone Soup version 0.21.1-1-g345015f (webtiles) character file.

1715 cultivahabas the Basher (level 9, -3/63 HPs)
             Began as an Octopode Fighter on May 22, 2018.
             Slain by a sky beast (5 damage)
             ... on level 6 of the Dungeon.
             The game lasted 00:22:32 (7840 turns).

cultivahabas the Basher (Octopode Fighter)          Turns: 7840, Time: 00:22:36

Health: -3/63      AC:  1    Str: 15    XL:     9   Next: 4%
Magic:  9/9        EV: 13    Int: 10    God:
Gold:   245        SH: 11    Dex: 15    Spells: 8/8 levels left

rFire    . . .     SeeInvis .   a - +1 flail
rCold    . . .     Gourm    .   b - +1 shield
rNeg     . . .     Faith    .   (helmet restricted)
rPois    .         Spirit   .   (no amulet)
rElec    .         Reflect  .   (no ring)
rCorr    .         Harm     .   (no ring)
MR       .....                  (no ring)
Stlth    ++........             (no ring)
HPRegen  0.20/turn              (no ring)
MPRegen  0.11/turn              (no ring)
                                (no ring)
                                (no ring)

@: no status effects
A: almost no armour, stealthy swim, amphibious, 8 rings, constrict 8, camouflage
1, gelatinous body 1
a: no special abilities


You were on level 6 of the Dungeon.
You were not hungry.

You visited 1 branch of the dungeon, and saw 6 of its levels.

You collected 245 gold pieces.

Inventory:

Hand Weapons
 a - a +1 flail (weapon)
Missiles
 o - 2 tomahawks (quivered)
Armour
 b - a +1 shield (worn)
Jewellery
 j - an uncursed ring of ice {unknown}
Scrolls
 f - 2 scrolls of remove curse {unknown}
 i - 3 scrolls of identify
 k - a scroll of teleportation {unknown}
 m - a scroll of blinking
Potions
 c - a potion of might
 e - 2 potions of ambrosia {unknown}
 g - a potion of curing
 h - a potion of agility
 n - a potion of heal wounds {unknown}
 p - a potion of cancellation {unknown}
 r - a potion of flight {unknown}
Comestibles
 d - 14 rations
 l - a chunk of flesh


   Skills:
 + Level 6.3 Fighting
 * Level 8.2 Maces & Flails
 - Level 3.1 Dodging
 + Level 6.2 Shields


You had 8 spell levels left.
You didn't know any spells.

Dungeon Overview and Level Annotations

Branches:
Dungeon (6/15)
 Temple: D:4-7

Altars:
Elyvilon
Gozag
Makhleb
Nemelex Xobeh
Qazlal
Trog
Xom

Annotations:
D:3 Sigmund


Innate Abilities, Weirdness & Mutations

You cannot wear most types of armour.
You are very stealthy in the water. (Stealth+)
You are amphibious.
You can wear up to eight rings at the same time.
You can use your tentacles to constrict eight enemies at once.
Your skin changes colour to match your surroundings (Stealth+).
Your rubbery body absorbs attacks. (AC +1, EV +1)


Message History

The black bear barely misses you. The black bear misses you.
The black bear barely misses you. Something hits you.
* * * LOW HITPOINT WARNING * * *
Something shocks you.
* * * LOW HITPOINT WARNING * * *
You feel better.
You constrict the black bear.
The black bear goes berserk!
Something hits you.
* * * LOW HITPOINT WARNING * * *
Something shocks you.
* * * LOW HITPOINT WARNING * * *
You sock the black bear!
You kill the black bear!
You have reached level 9!
Your experience leads to an increase in your attributes!
Increase (S)trength, (I)ntelligence, or (D)exterity?
You feel agile. Something hits you.
* * * LOW HITPOINT WARNING * * *
Something shocks you.
You die...

### ## #.# #.. ..# #.#
#.# #.# #.# #.# #@#####
#.####†....#
#######...##.....##
..........<..........
#(######.####......#.
####.#.#......#.......#
......................#
#.#.........#.#5...##.#
#....#.##.#.#.#.#...
...


You could see a crimson imp.

Vanquished Creatures
  The ghost of Paps the Covert, a novice OpAs (D:5)
  Grinder (D:5)
  Eustachio (D:5)
  A water moccasin (D:6)
  A black bear (D:6)
  A bullfrog (D:6)
  A scorpion (D:5)
  A crimson imp (D:5)
  A jelly (D:6)
  A hound (D:4)
  An orc priest (D:4)
  3 orc wizards (D:4)
  A bullfrog skeleton (D:4)
  A gnoll shaman (D:6)
  2 iguanas
  Natasha (thrice) (D:2 D:4)
  2 worker ants
  A howler monkey skeleton (D:4)
  13 gnolls
  10 adders
  4 oozes
  An adder skeleton (D:4)
  4 worms
  2 dart slugs
  7 leopard geckos
  6 orcs
  5 giant cockroaches
  13 hobgoblins
  13 jackals
  6 kobolds
  2 quokkas (D:4)
  A ball python (D:1)
  6 bats
  6 frilled lizards
  10 goblins
  4 rats
137 creatures vanquished.

Notes
Turn   | Place    | Note
-------+----------+-------------------------------------------
     0 | D:1      | cultivahabas the Octopode Fighter began the quest for the Orb.
     0 | D:1      | Reached XP level 1. HP: 16/16 MP: 1/1
   479 | D:1      | Reached XP level 2. HP: 7/21 MP: 2/2
  1440 | D:1      | Reached XP level 3. HP: 18/26 MP: 3/3
  1962 | D:2      | Noticed Natasha
  2015 | D:2      | Killed Natasha
  2015 | D:2      | Reached skill level 3 in Maces & Flails
  2015 | D:2      | Reached XP level 4. HP: 31/31 MP: 4/4
  2151 | D:2      | Noticed a moth of wrath
  2154 | D:2      | Found a bloodstained altar of Trog.
  2607 | D:2      | Found a shimmering altar of Xom.
  2798 | D:2      | Reached XP level 5. HP: 25/37 MP: 5/5
  3414 | D:3      | Noticed Sigmund
  3892 | D:3      | Reached skill level 4 in Maces & Flails
  5070 | D:4      | Reached XP level 6. HP: 43/43 MP: 6/6
  5086 | D:4      | Found a white marble altar of Elyvilon.
  5088 | D:4      | Found a stormy altar of Qazlal.
  5093 | D:4      | Found a sparkling altar of Nemelex Xobeh.
  5167 | D:4      | Found a burning altar of Makhleb.
  5171 | D:4      | Noticed Natasha
  5611 | D:4      | Reached skill level 5 in Maces & Flails
  5748 | D:4      | Reached XP level 7. HP: 45/49 MP: 7/7
  5797 | D:4      | Killed Natasha
  6471 | D:4      | Noticed Natasha
  6485 | D:4      | Killed Natasha
  6509 | D:5      | Entered Level 5 of the Dungeon
  6578 | D:5      | Reached skill level 6 in Maces & Flails
  6616 | D:5      | Reached skill level 5 in Fighting
  6651 | D:5      | Noticed Grinder
  6665 | D:5      | Killed Grinder
  6665 | D:5      | Reached skill level 5 in Shields
  6665 | D:5      | Reached XP level 8. HP: 48/55 MP: 8/8
  6882 | D:5      | Noticed Paps's ghost (novice OpAs)
  6896 | D:5      | Killed Paps's ghost
  6896 | D:5      | Reached skill level 7 in Maces & Flails
  7040 | D:5      | Noticed Eustachio
  7074 | D:5      | Killed Eustachio
  7769 | D:6      | Found an opulent altar of Gozag.
  7779 | D:6      | Reached skill level 8 in Maces & Flails
  7840 | D:6      | Reached XP level 9. HP: 7/63 MP: 9/9
  7840 | D:6      | HP: 2/63 [something (5)]
  7840 | D:6      | Slain by a sky beast

Skill      XL: |  1  2  3  4  5  6  7  8 |
---------------+-------------------------+-----
Maces & Flails | 3 4 5 6 8 |  8.2
Fighting       | 4 5 6 |  6.3
Shields        | 4 5 6 |  6.2
Dodging        | |  3.1

Action                   |  1- 3 |  4- 6 |  7- 9 || total
-------------------------+-------+-------+-------++-------
Melee: Flail             |    63 |   156 |    96 ||   315
       Constrict         |    17 |    54 |    22 ||    93
       Tentacles         |    10 |    35 |    21 ||    66
Throw: Stone             |       |    13 |       ||    13
       Tomahawk          |       |     8 |    12 ||    20
  Use: Scroll            |       |     5 |     6 ||    11
       Potion            |       |       |     2 ||     2
 Stab: Sleeping          |     2 |     2 |     2 ||     6
  Eat: Chunk             |     3 |    12 |     7 ||    22
Armor: Skin              |     2 |     6 |    14 ||    22
Dodge: Dodged            |    30 |    72 |    34 ||   136
Block: Shield            |    25 |    61 |    41 ||   127
